 Dungeon Crawl Stone Soup version 0.29.0-4-gdea44cf6ec (webtiles) character file.

Game seed: 11623645538566701991

44 qw the Sneak (level 3, -1/23 HPs)
             Began as a Gargoyle Delver on Sept 10, 2022.
             Was an Initiate of Okawaru.
             Slain by a scorpion (2 damage)
             ... on level 5 of the Dungeon.
             The game lasted 00:00:15 (1310 turns).

qw the Sneak (Gargoyle Delver)                      Turns: 1310, Time: 00:00:16

Health: -1/23      AC: 11    Str: 17    XL:     3   Next: 62%
Magic:  3/3        EV:  7    Int: 10    God:    Okawaru [......]
Gold:   24         SH:  0    Dex: 11    Spells: 2/2 levels left

rFire   . . .      SeeInvis .   a - +0 hand axe
rCold   . . .      Faith    .   (no shield)
rNeg    + . .      Spirit   .   c - +0 chain mail
rPois   inf        Reflect  .   (no helmet)
rElec   +          Harm     .   (no cloak)
rCorr   .          Rampage  .   (no gloves)
Will    .....                   (no boots)
Stlth   ..........              (no amulet)
HPRegen 0.07/turn               (no ring)
MPRegen 0.08/turn               (no ring)

@: no status effects
A: sickness immunity, AC +3, negative energy resistance 1, electricity
resistance, torment resistance 1, petrification resistance
a: Renounce Religion


You were on level 5 of the Dungeon.
You worshipped Okawaru.
Okawaru was noncommittal.
You visited 2 branches of the dungeon, and saw 2 of its levels.

You collected 24 gold pieces.


Innate Abilities, Weirdness & Mutations

You are immune to sickness and miasma.
Your stone body is resilient. (AC +3)
You are immune to poison.
You resist negative energy. (rN+)
You are resistant to electric shocks. (rElec)
You are resistant to unholy torment.
You are immune to petrification.


   Skills:
 - Level 3.2 Fighting
 - Level 3.5 Axes
 + Level 0.0 Armour
 - Level 1.5 Dodging
 - Level 5.4 Stealth


You had 2 spell levels left.
You didn't know any spells.
Your spell library was empty.

Inventory:

Hand Weapons
 a - a +0 hand axe (weapon)
Armour
 c - a +0 chain mail (worn)
Wands
 g - a wand of digging (3)
Potions
 f - a potion of haste

Dungeon Overview and Level Annotations

Branches:
Dungeon (5/15)             Temple (1/1) D:5

Altars:
Cheibriados
Dithmenos
Elyvilon
Fedhas
Hepliaklqana
Kikubaaqudgha
Makhleb
Nemelex Xobeh
Okawaru
Qazlal
Uskayaw
Vehumet
Xom
Yredelemnul
Zin
The Shining One


Message History

You closely miss the scorpion.
You punch the scorpion, but do no damage.
The scorpion is heavily wounded.
The scorpion stings you but does no damage.
You hit the scorpion but do no damage.
The scorpion is heavily wounded.
The scorpion stings you. The scorpion barely misses you.
You hit the scorpion but do no damage.
The scorpion is heavily wounded.
The scorpion barely misses you.
You hit the scorpion.
The scorpion is severely wounded.
The scorpion stings you.
You closely miss the scorpion.
The scorpion is severely wounded.
The scorpion closely misses you.
The scorpion stings you but does no damage.
You closely miss the scorpion.
The scorpion is severely wounded.
The scorpion stings you but does no damage.
You hit the scorpion but do no damage.
The scorpion is severely wounded.
The scorpion barely misses you.
You barely miss the scorpion.
The scorpion is severely wounded.
The scorpion closely misses you.
You hit the scorpion but do no damage.
The scorpion is severely wounded.
The scorpion barely misses you.
The scorpion stings you but does no damage.
You closely miss the scorpion.
The scorpion is severely wounded.
The scorpion stings you but does no damage.
You hit the scorpion.
The scorpion is almost dead.
The scorpion barely misses you. The scorpion stings you.
You barely miss the scorpion.
The scorpion is almost dead.
The scorpion stings you.
You die...

#. ..........#######
...##..# #......### #
### #.##..# #.........
.<#.. ......# #......###
......#.#...# #.........
......#.#...###.......##
..#...[.##.)..........##
......s@...[%...#####.##
...#<...#######.#####...
.....##.# #.......####.
##.. #.. #....##......
... ### #######...### ..
........... #
######...#. .........#.
########....


You could see a scorpion.

Vanquished Creatures
  A jelly (D:5)
  An adder (D:5)
  A dart slug (D:5)
  2 quokkas (D:5)
5 creatures vanquished.

Notes
Turn   | Place    | Note
-------+----------+-------------------------------------------
     0 | D:5      | qw the Gargoyle Delver began the quest for the Orb.
     0 | D:5      | Reached XP level 1. HP: 14/14 MP: 1/1
     0 | D:5      | 0 ||| qw: Version: 0.1-a-116-g5d60599
     0 | D:5      | 0 ||| qw: Game counter: 9325
     0 | D:5      | 0 ||| qw: Always use a shield: true
     0 | D:5      | 0 ||| qw: God list: Okawaru
     0 | D:5      | 0 ||| qw: Allow faded altars: false
     0 | D:5      | 0 ||| qw: Do Orc after D:15 true
     0 | D:5      | 0 ||| qw: Do second Lair branch before Depths: true
     0 | D:5      | 0 ||| qw: Lair rune preference: random
     0 | D:5      | 0 ||| qw: Plans: Normal
     0 | D:5      | 0 ||| PLANNING D:1-11
     3 | D:5      | Noticed a jelly
     4 | D:5      | 4 ||| Stepping ~*~*~tactically~*~*~ (stealth).
    18 | D:5      | Killed a jelly
    19 | D:5      | Reached skill level 3 in Axes
    19 | D:5      | Reached XP level 2. HP: 11/19 MP: 2/2
    19 | D:5      | Reached XP level 3. HP: 14/23 MP: 3/3
   155 | D:5      | 155 ||| Stepping ~*~*~tactically~*~*~ (hiding).
   258 | D:5      | 258 ||| Stepping ~*~*~tactically~*~*~ (hiding).
   360 | D:5      | 360 ||| Stepping ~*~*~tactically~*~*~ (hiding).
   462 | D:5      | 462 ||| Stepping ~*~*~tactically~*~*~ (hiding).
   564 | D:5      | 564 ||| Stepping ~*~*~tactically~*~*~ (hiding).
   666 | D:5      | 666 ||| Stepping ~*~*~tactically~*~*~ (hiding).
   768 | D:5      | 768 ||| Stepping ~*~*~tactically~*~*~ (hiding).
   870 | D:5      | 870 ||| Stepping ~*~*~tactically~*~*~ (hiding).
  1032 | D:5      | Found a staircase to the Ecumenical Temple.
  1033 | D:5      | 1033 ||| PLANNING TEMPLE
  1033 | D:5      | 1033 ||| DROPPING scroll of fog.
  1034 | D:5      | 1034 ||| DROPPING scroll of magic mapping.
  1035 | D:5      | 1035 ||| DROPPING scroll of fear.
  1067 | Temple   | Entered the Ecumenical Temple
  1118 | Temple   | 1118 ||| PLANNING D:1-11
  1129 | Temple   | Became a worshipper of Warmaster Okawaru
  1270 | D:5      | 1270 ||| UPGRADING to +0 chain mail.
  1280 | D:5      | 1280 ||| DROPPING +0 leather armour.
  1284 | D:5      | Noticed a scorpion
  1302 | D:5      | HP: 3/23 [scorpion (5)]
  1309 | D:5      | HP: 1/23 [scorpion (3)]
  1310 | D:5      | Slain by a scorpion

Levels and vault maps discovered:
D:5:      layout_basic, minmay_temple_entry_purple_smoke
Temple:   nicolae_temple_x_marks_the_god

Skill      XL: |  1 |
---------------+----+-----
Axes           | 3 |  3.5
Fighting       | |  3.2
Dodging        | |  1.5
Stealth        | |  5.4

Action                   || total
-------------------------++-------
Melee: Hand axe          ||    41
       Punch             ||     1
Armor: Leather armour    ||     2
       Chain mail        ||    11
Dodge: Dodged            ||    23

Table legend:
 A = Non-vault XP
 B = Vault XP
 C = Vault XP percentage of total XP
 D = Non-vault monster count
 E = Vault monster count
 F = Vault count percentage of total count
                 A         B        C        D         E       F
            +---------+---------+-------+---------+---------+-------
      Total |      64 |       0 |   0.0 |       5 |       0 |   0.0
            +---------+---------+-------+---------+---------+-------
        D:5 |      64 |       0 |   0.0 |       5 |       0 |   0.0
            +---------+---------+-------+---------+---------+-------
